 Dungeon Crawl Stone Soup version 0.20-a0-2-g2b0e13a (webtiles) character file.

119 dobroeutro the Ducker (level 4, -1/35 HPs)
             Began as a Demonspawn Gladiator on Oct 29, 2016.
             Slain by a hobgoblin (3 damage)
             ... led by Robin
             ... on level 3 of the Dungeon.
             The game lasted 00:03:27 (2111 turns).

dobroeutro the Ducker (Demonspawn Gladiator)        Turns: 2111, Time: 00:03:28

Health: -1/35      AC:  5    Str: 16    XL:     4   Next: 73%
Magic:  4/4        EV: 13    Int: 11    God:
Gold:   109        SH:  0    Dex: 16    Spells: 0 memorised, 3 levels left

rFire  . . .     SeeInvis .     a - +0 quarterstaff
rCold  . . .     Gourm    .     b - +0 leather armour
rNeg   . . .     Faith    .     (shield currently unavailable)
rPois  .         Spirit   .     (helmet restricted)
rElec  .         Reflect  .     (no cloak)
rCorr  .         Harm     .     (no gloves)
MR     .....                    i - +0 pair of boots
Stlth  +.........               (no amulet)
                                (no ring)
                                (no ring)

@: no status effects
A: antennae 1, rugged brown scales 1, agile 1, clever 1, powered by pain 1
a: no special abilities


You were on level 3 of the Dungeon.
You were not hungry.

You visited 1 branch of the dungeon, and saw 3 of its levels.

You collected 109 gold pieces.

Inventory:

Hand Weapons
 a - a +0 quarterstaff (weapon)
Missiles
 d - 3 throwing nets (quivered)
Armour
 b - a +0 leather armour (worn)
 c - a +0 helmet
 i - a +0 pair of boots (worn)
 q - a +1 helmet
Scrolls
 e - 2 scrolls of identify {unknown}
 g - a scroll of magic mapping {unknown}
 h - a scroll of amnesia {unknown}
 j - 2 scrolls of remove curse {unknown}
 m - a scroll of random uselessness {unknown}
Potions
 l - 2 potions of magic {unknown}
 o - a potion of curing {unknown}
Comestibles
 f - a bread ration
 k - 3 meat rations
 n - a beef jerky
 p - 8 chunks of flesh


   Skills:
 + Level 2.9 Fighting
 + Level 3.3 Staves
 - Level 1.7 Throwing
 + Level 1.7 Armour
 + Level 3.4 Dodging


You had 3 spell levels left.
You didn't know any spells.

Dungeon Overview and Level Annotations

Branches:
Dungeon (3/15)

Altars:
Dithmenos


Innate Abilities, Weirdness & Mutations

You are partially covered in rugged brown scales. (AC +1, +3% HP)
You sometimes gain a little power by taking damage.
You have a pair of small antennae on your head.
You are agile. (Dex +2)
Your mind is acute. (Int +2)


Message History

You sock the adder!
You kill the adder!
The goblin hits you but does no damage. The hobgoblin hits you.
You barely miss the hobgoblin.
The goblin hits you with a dagger of speed.
* * * LOW HITPOINT WARNING * * *
The hobgoblin hits you.
* * * LOW HITPOINT WARNING * * *
You are too injured to fight recklessly!
You are too injured to fight recklessly!
You are too injured to fight recklessly!
You are too injured to fight recklessly!
You are too injured to fight recklessly!
Unknown command.
The goblin hits you with a dagger of speed.
* * * LOW HITPOINT WARNING * * *
The hobgoblin hits you.
* * * LOW HITPOINT WARNING * * *
The hobgoblin hits you.
You die...

#.# #.# #.# #.# #.#
#.# #.# #.# #.####...
#.######.#####........
#.........>.)).<# .##
######.#######.## ....
#.# #.# ..... #.#
#.#......
#@#######........
#.gSg....).#<...!
##########...#.## ##.#
# ... ###


You could see an adder, a hobgoblin and a goblin.

Vanquished Creatures
  Terence (D:1)
  Robin (D:3)
  3 adders
  2 giant cockroaches
  13 goblins
  12 hobgoblins
  7 jackals
  3 bats (D:1)
  2 kobolds
  8 rats
52 creatures vanquished.

Notes
Turn   | Place    | Note
-------+----------+-------------------------------------------
     0 | D:1      | dobroeutro the Demonspawn Gladiator began the quest for the Orb.
     0 | D:1      | Reached XP level 1. HP: 16/16 MP: 1/1
   508 | D:1      | Gained mutation: You are partially covered in rugged brown scales. (AC +1, +3% HP) [demonic ancestry]
   508 | D:1      | Reached XP level 2. HP: 10/22 MP: 2/2
   602 | D:1      | HP: 1/22 [hobgoblin (2)]
   689 | D:1      | Reached skill level 1 in Armour
  1010 | D:2      | Noticed Terence
  1105 | D:1      | Gained mutation: Your mind is acute. (Int +2) [potion of mutation]
  1105 | D:1      | Gained mutation: You are agile. (Dex +2) [potion of mutation]
  1105 | D:1      | Gained mutation: You have a pair of small antennae on your head. [potion of mutation]
  1108 | D:1      | Gained mutation: You sometimes gain a little power by taking damage. [demonic ancestry]
  1108 | D:1      | Reached XP level 3. HP: 5/28 MP: 3/3
  1123 | D:1      | HP: 2/42 [poisoned by an adder]
  1124 | D:1      | Killed Terence
  1506 | D:2      | Reached XP level 4. HP: 25/35 MP: 4/4
  1549 | D:2      | Found a shadowy altar of Dithmenos.
  2065 | D:3      | Noticed Robin
  2076 | D:3      | Killed Robin
  2111 | D:3      | Slain by a hobgoblin

Vault maps used:
D:1:      minmay_arrival_glassed_features, serial_glass, glass_columns_a,
          glass_columns_a, hangedman_abyss_or_decor_stabs,
          minmay_close_crescents
D:2:      nicolae_dithmenos_shadow_blocks, uniq_terence
D:3:      zin_angel, uniq_robin

Skill      XL: |  1  2  3 |
---------------+----------+-----
Armour         | 1 |  1.7
Staves         | 3 |  3.3
Dodging        | 3 |  3.4
Fighting       | |  2.9
Throwing       | |  1.7

Action                   |  1- 3 |  4- 6 || total
-------------------------+-------+-------++-------
Melee: Quarterstaff      |   123 |    52 ||   175
  Use: Potion            |     2 |       ||     2
  Eat: Chunk             |     1 |     3 ||     4
Armor: Leather armour    |    40 |    15 ||    55
       Skin              |    15 |       ||    15
Dodge: Dodged            |    84 |    31 ||   115
